 Dungeon Crawl Stone Soup version 0.23.1 (webtiles) character file.

Game seed: 5626812035037650392

3973 Borgoz the Grappler (level 10, -1/81 HPs)
             Began as a Ghoul Monk on Mar 8, 2019.
             Was a Believer of Ashenzari.
             Slain by a five-headed hydra (6 damage)
             ... on level 9 of the Dungeon.
             The game lasted 00:17:36 (8910 turns).

Borgoz the Grappler (Ghoul Monk)                    Turns: 8910, Time: 00:17:37

Health: -1/81      AC:  5    Str: 21    XL:     10   Next: 22%
Magic:  18/18      EV: 14    Int:  8    God:    Ashenzari [**....]
Gold:   339        SH:  0    Dex: 11    Spells: 3/9 levels left

rFire    x . .     SeeInvis .     - Unarmed
rCold    + + +     Gourm    .   (no shield)
rNeg     + + +     Faith    .   t - +1 leather armour "Gegaj" {rPois rC+ MR++ Regen+} (curse)
rPois    ∞         Spirit   .   y - +0 helmet
rElec    .         Reflect  .   (no cloak)
rCorr    .         Harm     .   (no gloves)
MR       ++...                  (no boots)
Stlth    +++.......             (no amulet)
HPRegen  0.00/turn              q - ring of ice
MPRegen  0.16/turn              p - ring of magical power

@: mighty, rotting
A: rotting body, claws 1, carnivore, cold resistance 1, negative energy
resistance 3, inhibited regeneration, torment resistance, unbreathing
a: Curse Item, Scrying, Renounce Religion


You were on level 9 of the Dungeon.
You worshipped Ashenzari.
Ashenzari was pleased with you.
You were not hungry.

You visited 2 branches of the dungeon, and saw 10 of its levels.

You collected 443 gold pieces.
You spent 104 gold pieces at shops.

Inventory:

Hand Weapons
 n - a +3 dagger of distortion
Armour
 t - the cursed +1 leather armour "Gegaj" (worn) {rPois rC+ MR++ Regen+}
   (You took it off an orc wizard on level 5 of the Dungeon)

   It protects you from cold.
   It protects you from poison.
   It affects your resistance to hostile enchantments.
   It increases your rate of regeneration.
   It has a curse placed upon it.
 y - a +0 helmet (worn)
 C - a +2 ring mail of magic resistance
 E - a +0 chain mail of fire resistance
 F - the +2 robe "Veib" {MR++}
   (You found it on level 9 of the Dungeon)

   It affects your resistance to hostile enchantments.
Jewellery
 p - a ring of magical power (right claw)
 q - a ring of ice (left claw)
 B - an uncursed amulet of magic regeneration
Wands
 r - a wand of flame (41)
 A - a wand of random effects (9)
Scrolls
 c - 2 scrolls of amnesia
 d - 3 scrolls of identify
 h - 5 scrolls of remove curse
 i - 3 scrolls of enchant weapon
 k - 2 scrolls of enchant armour
 m - 2 scrolls of teleportation
 u - a scroll of silence
 x - a scroll of immolation
Potions
 a - 2 potions of brilliance
 e - 3 potions of magic
 g - a potion of degeneration
 j - a potion of heal wounds
 l - 2 potions of flight
 o - 2 potions of cancellation
 v - 4 potions of curing
 w - a potion of agility
 z - a potion of resistance
 D - a potion of might
Comestibles
 b - 23 rations
 f - 10 chunks of flesh


   Skills:
 + Level 5.4 Fighting
 + Level 3.6 Armour
 + Level 6.4 Dodging
 + Level 5.8 Stealth
 * Level 11.8 Unarmed Combat
 + Level 0.0 Spellcasting
 + Level 0.0 Hexes
 + Level 0.1 Evocations


You had 3 spell levels left.
You knew the following spells:

 Your Spells              Type           Power        Failure   Level  Hunger
a - Invisibility          Hex            #.......     100%        6    #######

Your spell library contained the following spells:

 Spells                   Type           Power        Failure   Level  Hunger
 Apportation              Tloc           #.....       45%         1    ##.....
 Shock                    Conj/Air       #...         45%         1    ##.....
 Summon Butterflies       Summ           #.......     45%         1    ##.....
 Lesser Beckoning         Tloc           #.........   83%         3    ####...
 Tukima's Dance           Hex            #.......     83%         3    ####...
 Alistair's Intoxication  Tmut/Pois      #.......     100%        5    ######.


Dungeon Overview and Level Annotations

Branches:
Dungeon (9/15)             Temple (1/1) D:5             Orc (0/2) D:9
   Lair: D:8-11

Altars:
Ashenzari
Cheibriados
Dithmenos
Elyvilon
Fedhas
Gozag
Hepliaklqana
Kikubaaqudgha
Makhleb
Nemelex Xobeh
Okawaru
Qazlal
Ru
Sif Muna
Trog
Uskayaw
Vehumet
Wu Jian
Zin
The Shining One

Shops:
D:5 [   D:8 !

Annotations:
D:4 1 runed translucent door, Kairos's ghost, novice VSAs


Innate Abilities, Weirdness & Mutations

Your body is rotting away.
You thrive on raw meat.
You are immune to poison.
You have sharp fingernails.
You are carnivorous and can eat meat at any time.
Your flesh is cold resistant. (rC+)
You are immune to negative energy. (rN+++)
You do not regenerate when monsters are visible.
You are immune to unholy pain and torment.
You can survive without breathing.


Message History

The five-headed hydra is severely wounded.
The five-headed hydra bites you!
The five-headed hydra bites you but does no damage.
The five-headed hydra bites you. The five-headed hydra bites you!
The five-headed hydra closely misses you.
You claw the five-headed hydra!
The five-headed hydra is almost dead.
The five-headed hydra barely misses you.
The five-headed hydra bites you!
* * * LOW HITPOINT WARNING * * *
The five-headed hydra closely misses you.
The five-headed hydra bites you.
* * * LOW HITPOINT WARNING * * *
The five-headed hydra closely misses you.
You claw the five-headed hydra!
The five-headed hydra is almost dead.
The five-headed hydra bites you!
* * * LOW HITPOINT WARNING * * *
The five-headed hydra bites you.
You die...

* ,. ** * .. , *
... , , ....,, ,
#.....
#######...... *
#....@D.# *
#.......# *
#..8#8..#
##.#=#.## , ##
#.8#8.#####+## #.
#............# #.
#####........# #.
#......†.#######.
#........'.....'.


You could see a five-headed hydra.

Vanquished Creatures
  Pikel (D:6)
  A hippogriff (D:8)
  Sigmund (D:6)
  A spriggan (D:7)
  A wyvern (D:8)
  Eustachio (D:4)
  4 orc warriors
  2 ice beasts
  4 slaves (D:6)
  A centaur (D:8)
  A necrophage (D:5)
  3 ogres
  3 bullfrogs
  3 scorpions
  2 killer bees (D:8)
  2 crimson imps
  4 hounds
  A bullfrog zombie (D:5)
  5 orc priests
  5 jellies
  2 centaur skeletons
  6 orc wizards
  Jessica (D:2)
  A gnoll shaman (D:5)
  5 iguanas
  3 worker ants
  12 gnolls
  9 adders
  A shadow imp (D:6)
  An adder zombie (D:7)
  2 adder skeletons
  3 worms
  7 dart slugs
  5 leopard geckos
  20 orcs
  7 bats
  3 hobgoblins
  14 jackals
  2 quokkas
  A ball python (D:3)
  A frilled lizard (D:1)
  6 goblins
  2 hobgoblin zombies (D:4)
  6 kobolds
  A kobold skeleton (D:4)
  2 kobold zombies (D:4)
  A leopard gecko zombie (D:9)
  An orc skeleton (D:4)
  An orc zombie (D:4)
  6 rats
178 creatures vanquished.

Notes
Turn   | Place    | Note
-------+----------+-------------------------------------------
     0 | D:1      | Borgoz the Ghoul Monk began the quest for the Orb.
     0 | D:1      | Reached XP level 1. HP: 19/19 MP: 0/0
   157 | D:1      | Reached XP level 2. HP: 7/26 MP: 1/1
   463 | D:1      | Reached XP level 3. HP: 29/31 MP: 2/2
   667 | D:1      | You fall through a shaft!
   686 | D:2      | Noticed Jessica
  1002 | D:2      | Reached skill level 4 in Unarmed Combat
  1172 | D:2      | Killed Jessica
  1172 | D:2      | Reached XP level 4. HP: 40/40 MP: 3/3
  1456 | D:2      | Found a shadowy altar of Dithmenos.
  1702 | D:3      | Found a snail-covered altar of Cheibriados.
  2046 | D:3      | Found a radiant altar of Vehumet.
  2138 | D:3      | Found a glowing silver altar of Zin.
  2516 | D:4      | Found a hazy altar of Hepliaklqana.
  2550 | D:4      | Reached XP level 5. HP: 46/46 MP: 4/4
  2568 | D:4      | Reached skill level 5 in Unarmed Combat
  2668 | D:4      | HP: 1/46 [orc wizard/puff of frost (3)]
  2671 | D:4      | Reached XP level 6. HP: 19/52 MP: 5/5
  2779 | D:4      | Found a glowing golden altar of the Shining One.
  2834 | D:4      | Noticed Eustachio
  2841 | D:4      | Reached skill level 6 in Unarmed Combat
  2959 | D:4      | Found a runed translucent door.
  2963 | D:4      | Noticed Kairos's ghost (novice VSAs)
  3019 | D:4      | Reached XP level 7. HP: 37/59 MP: 6/6
  3457 | D:4      | HP: 2/59 [Eustachio/+0 falchion (5)]
  3465 | D:4      | HP: 1/59 [river rat[Eustachio] (6)]
  3468 | D:4      | Killed Eustachio
  3468 | D:4      | Reached skill level 7 in Unarmed Combat
  3916 | D:4      | Found a blossoming altar of Fedhas.
  4118 | D:5      | Entered Level 5 of the Dungeon
  4350 | D:5      | Found a staircase to the Ecumenical Temple.
  4387 | Temple   | Entered the Ecumenical Temple
  4500 | D:5      | Found Pogaudiu's Armour Emporium.
  4522 | D:5      | Reached XP level 8. HP: 62/62 MP: 7/7
  4631 | D:5      | Reached skill level 5 in Dodging
  4659 | D:5      | Reached skill level 8 in Unarmed Combat
  5147 | D:5      | Found a burning altar of Makhleb.
  5694 | D:6      | Found a hide-covered altar of Uskayaw.
  5694 | D:6      | Noticed Sigmund
  5695 | D:6      | Identified the +1 leather armour "Gegaj" {rPois rC+ MR++
                  | Regen+}
  6035 | D:6      | Killed Sigmund
  6035 | D:6      | Reached skill level 9 in Unarmed Combat
  6104 | D:6      | Noticed Pikel
  6139 | D:6      | Reached skill level 1 in Armour
  6185 | D:6      | Killed Pikel
  6185 | D:6      | Reached skill level 5 in Stealth
  6185 | D:6      | Reached skill level 10 in Unarmed Combat
  6185 | D:6      | Reached XP level 9. HP: 45/72 MP: 8/8
  6345 | D:6      | Reached skill level 5 in Fighting
  6851 | D:7      | Found a deep blue altar of Sif Muna.
  6890 | D:7      | Found a shattered altar of Ashenzari.
  6905 | D:7      | Found an ornate altar of the Wu Jian Council.
  6931 | D:7      | Became a worshipper of Ashenzari the Shackled
  6931 | D:7      | Reached * piety under Ashenzari
  6931 | D:7      | Reached ** piety under Ashenzari
  7047 | D:7      | Identified Sif Muna's Handbook of Air
  7701 | D:8      | Reached skill level 11 in Unarmed Combat
  7702 | D:8      | Found Qykh's Distillery.
  7721 | D:8      | Bought 2 potions of might for 104 gold pieces
  7772 | D:8      | HP: 3/74 [orc warrior/+0 dire flail (16)]
  8362 | D:8      | Reached XP level 10. HP: 35/81 MP: 9/9
  8765 | D:9      | Found a staircase to the Orcish Mines.
  8827 | D:9      | Identified the +2 robe "Veib" {MR++}
  8879 | D:9      | Learned a level 6 spell: Invisibility
  8898 | D:9      | Noticed a five-headed hydra
  8910 | D:9      | Slain by a five-headed hydra

Skill      XL: |  1  2  3  4  5  6  7  8  9 |
---------------+----------------------------+-----
Dodging        | 3 4 5 6 |  6.4
Unarmed Combat | 4 5 6 7 10 11 | 11.8
Stealth        | 3 4 5 |  5.8
Fighting       | 4 5 |  5.4
Armour         | 2 3 |  3.6
Evocations     | |  0.1

Action                   |  1- 3 |  4- 6 |  7- 9 | 10-12 || total
-------------------------+-------+-------+-------+-------++-------
Melee: Unarmed           |    92 |   184 |   409 |    61 ||   746
       Punch             |     1 |     6 |    13 |     5 ||    25
Invok: Curse Item        |       |       |     1 |       ||     1
Evoke: Wand              |       |       |     1 |     3 ||     4
  Use: Potion            |       |    10 |     4 |     1 ||    15
       Scroll            |       |     3 |    13 |       ||    16
 Stab: Sleeping          |     5 |     7 |     8 |       ||    20
  Eat: Chunk             |     6 |    19 |    40 |     6 ||    71
Armor: Robe              |    14 |    19 |    30 |       ||    63
       Leather armour    |       |       |    38 |    14 ||    52
Dodge: Dodged            |    66 |   135 |   287 |    66 ||   554
